[ AOE2 MATCH · #481383016 ]
Team RMBohemians vs Spanish
[ REPLAY ANALYSIS · EXTRACTED FROM THE RECORDED GAME ]
Feudal
11:38
Castle
16:18
Imperial
33:34
| APM avg | 10.2 |
| APM peak | 24 |
| eAPM avg | 8.3 |
| Villagers / military | 80 / 101 |
Focus
⚔️ 28.0% · 🌾 72.0%
Skirmisher ×53 · Spearman ×24 · Hand Cannoneer ×16 · Bombard Cannon ×4 · Mangonel ×2 · Hussite Wagon ×1
Feudal
9:48
Castle
16:02
Imperial
28:21
| APM avg | 34.1 |
| APM peak | 88 |
| eAPM avg | 16.8 |
| Villagers / military | 125 / 213 |
Focus
⚔️ 20.6% · 🌾 79.4%
Magyar Huszar ×138 · Cavalry Archer ×69 · Trebuchet (Packed) ×4 · Monk ×2
Feudal
10:18
Castle
14:56
Imperial
31:59
| APM avg | 18.4 |
| APM peak | 77 |
| eAPM avg | 14.6 |
| Villagers / military | 213 / 244 |
Focus
⚔️ 27.0% · 🌾 73.0%
Skirmisher ×119 · Hand Cannoneer ×63 · Camel Scout ×48 · Bombard Cannon ×12 · Mangonel ×2
Feudal
11:04
Castle
18:53
Imperial
32:17
| APM avg | 31.2 |
| APM peak | 98 |
| eAPM avg | 18.1 |
| Villagers / military | 90 / 68 |
Focus
⚔️ 20.5% · 🌾 79.5%
War Wagon ×54 · Bombard Cannon ×7 · Petard ×5 · Trebuchet (Packed) ×2
Feudal
11:54
Castle
15:49
Imperial
31:24
| APM avg | 21.4 |
| APM peak | 66 |
| eAPM avg | 13.5 |
| Villagers / military | 164 / 299 |
Focus
⚔️ 31.3% · 🌾 68.7%
Skirmisher ×171 · Knight ×87 · Scout Cavalry ×40 · Monk ×1
Feudal
10:36
Castle
14:14
Imperial
41:28
| APM avg | 27.1 |
| APM peak | 55 |
| eAPM avg | 16.9 |
| Villagers / military | 177 / 228 |
Focus
⚔️ 29.0% · 🌾 71.0%
Knight ×173 · Conquistador ×48 · Petard ×4 · Trebuchet (Packed) ×3
Match map
Initial resources + every placement click. Lines = walls · curves = elevation contours. ◆ gold · ⬟ stone · ● berries · ✦ relic · ◌ wall gap
Your base· ✓ Closed at 16:18 · 0t walls · 2 gate(s)
Dunic's base· ✓ Closed at 16:02 · 0t walls · 2 gate(s)
lukg's base· ✓ Closed at 14:56 · 0t walls · 2 gate(s)
Bry.D's base· ✓ Closed at 18:53 · 0t walls · 3 gate(s)
ALG1S's base· ✓ Closed at 15:49 · 0t walls · 3 gate(s)
Krimzon's base· ✓ Closed at 14:14 · 0t walls · 2 gate(s)
Smoothed initial terrain · ◌ = detected wall gap · hover for details
Inputs per minute
— kswistek - - Dunic
Build order — kswistek
First 150 of 243 actions detected
| 0:02 | Create | Villager (Male) |
| 0:02 | Create | Villager (Male) |
| 0:02 | Create | Villager (Male) |
| 0:03 | Create | Villager (Male) |
| 0:03 | Create | Villager (Male) |
| 0:05 | Build | House |
| 0:07 | Build | House |
| 1:23 | Create | Villager (Male) |
| 1:49 | Create | Villager (Male) |
| 1:59 | Build | Lumber Camp |
| 2:11 | Create | Villager (Male) |
| 2:39 | Create | Villager (Male) |
| 3:09 | Create | Villager (Male) |
| 3:30 | Build | House |
| 3:32 | Build | House |
| 3:42 | Create | Villager (Male) |
| 4:22 | Create | Villager (Male) |
| 4:52 | Create | Villager (Male) |
| 5:07 | Create | Villager (Male) |
| 5:23 | Build | Mill |
| 5:30 | Create | Villager (Male) |
| 5:42 | Create | Villager (Male) |
| 6:12 | Create | Villager (Male) |
| 6:13 | Create | Villager (Male) |
| 6:38 | Create | Villager (Male) |
| 7:13 | Create | Villager (Male) |
| 7:13 | Create | Villager (Male) |
| 7:14 | Create | Villager (Male) |
| 7:14 | Create | Villager (Male) |
| 7:28 | Build | Mining Camp |
| 8:26 | Build | House |
| 8:35 | Build | Farm |
| 8:44 | Build | Farm |
| 9:02 | Build | Farm |
| 9:12 | Build | Farm |
| 9:28 | Research | Feudal Age |
| 11:01 | Build | Lumber Camp |
| 11:24 | Create | Villager (Male) |
| 11:24 | Create | Villager (Male) |
| 11:37 | Build | Farm |
| 11:38 | Age | Feudal Age |
| 11:50 | Build | Market |
| 11:57 | Build | Blacksmith |
| 13:00 | Build | House |
| 13:04 | Build | House |
| 13:04 | Build | House |
| 13:06 | Build | House |
| 13:07 | Build | House |
| 13:08 | Build | House |
| 13:09 | Build | House |
| 13:38 | Research | Castle Age |
| 14:04 | Build | House |
| 14:06 | Build | House |
| 14:35 | Build | Mining Camp |
| 15:14 | Build | Watch Tower |
| 16:18 | Age | Castle Age |
| 16:51 | Build | Town Center |
| 16:56 | Create | Villager (Male) |
| 16:57 | Create | Villager (Male) |
| 16:57 | Create | Villager (Male) |
| 17:11 | Build | Stone Wall |
| 17:29 | Build | Stone Wall |
| 17:39 | Build | Watch Tower |
| 18:00 | Build | Stone Wall |
| 18:03 | Create | Villager (Male) |
| 18:04 | Create | Villager (Male) |
| 18:04 | Create | Villager (Male) |
| 18:05 | Create | Villager (Male) |
| 18:06 | Create | Villager (Male) |
| 18:06 | Create | Villager (Male) |
| 18:10 | Build | Farm |
| 18:21 | Build | Siege Workshop |
| 18:49 | Build | Stone Wall |
| 19:04 | Create | Villager (Male) |
| 19:04 | Create | Villager (Male) |
| 19:04 | Create | Villager (Male) |
| 19:09 | Build | Farm |
| 19:10 | Build | Farm |
| 19:14 | Build | Farm |
| 19:18 | Build | Farm |
| 19:31 | Build | Farm |
| 19:38 | Build | Farm |
| 19:46 | Build | Mill |
| 19:48 | Build | Farm |
| 19:48 | Build | Farm |
| 19:48 | Build | Farm |
| 19:53 | Build | Farm |
| 19:54 | Build | Farm |
| 19:54 | Build | Farm |
| 19:57 | Build | Farm |
| 20:23 | Research | Fletching |
| 20:32 | Create | Mangonel |
| 20:41 | Create | Villager (Male) |
| 20:41 | Create | Villager (Male) |
| 21:06 | Create | Villager (Male) |
| 21:06 | Create | Villager (Male) |
| 21:12 | Create | Mangonel |
| 22:16 | Build | Stone Wall |
| 22:28 | Build | Stone Wall |
| 22:33 | Create | Villager (Male) |
| 22:34 | Create | Villager (Male) |
| 22:34 | Create | Villager (Male) |
| 22:34 | Create | Villager (Male) |
| 22:34 | Create | Villager (Male) |
| 22:35 | Create | Villager (Male) |
| 22:35 | Create | Villager (Male) |
| 22:35 | Create | Villager (Male) |
| 23:29 | Create | Villager (Male) |
| 23:30 | Create | Villager (Male) |
| 23:30 | Create | Villager (Male) |
| 23:30 | Create | Villager (Male) |
| 23:31 | Create | Villager (Male) |
| 23:31 | Create | Villager (Male) |
| 23:41 | Build | Barracks |
| 23:48 | Build | University |
| 23:53 | Research | Double-Bit Axe |
| 23:56 | Research | Horse Collar |
| 23:57 | Create | Villager (Male) |
| 23:57 | Create | Villager (Male) |
| 24:08 | Build | House |
| 24:11 | Build | House |
| 24:12 | Build | House |
| 24:14 | Build | House |
| 24:15 | Build | House |
| 24:26 | Build | Castle |
| 24:37 | Build | Stone Wall |
| 24:51 | Create | Villager (Male) |
| 24:51 | Create | Villager (Male) |
| 24:51 | Create | Villager (Male) |
| 24:52 | Create | Villager (Male) |
| 24:58 | Build | Farm |
| 24:59 | Build | Farm |
| 25:21 | Research | Wheelbarrow |
| 25:25 | Create | Spearman |
| 25:25 | Create | Spearman |
| 25:39 | Build | Stone Wall |
| 26:07 | Build | Market |
| 26:22 | Build | House |
| 26:23 | Build | House |
| 26:24 | Build | House |
| 26:26 | Build | House |
| 26:27 | Build | House |
| 26:28 | Build | House |
| 26:30 | Build | House |
| 26:32 | Build | House |
| 26:33 | Build | House |
| 26:34 | Create | Villager (Male) |
| 26:35 | Create | Villager (Male) |
| 26:35 | Create | Villager (Male) |
| 26:35 | Create | Villager (Male) |
Build order — Dunic
First 150 of 378 actions detected
| 0:01 | Create | Villager (Male) |
| 0:02 | Build | House |
| 0:03 | Create | Villager (Male) |
| 0:05 | Build | House |
| 0:13 | Create | Villager (Male) |
| 0:14 | Create | Villager (Male) |
| 1:31 | Create | Villager (Male) |
| 2:01 | Create | Villager (Male) |
| 2:02 | Create | Villager (Male) |
| 2:20 | Create | Villager (Male) |
| 2:40 | Build | Lumber Camp |
| 3:01 | Create | Villager (Male) |
| 3:02 | Create | Villager (Male) |
| 3:22 | Create | Villager (Male) |
| 3:33 | Build | House |
| 3:34 | Build | House |
| 3:49 | Create | Villager (Male) |
| 4:21 | Build | House |
| 4:25 | Create | Villager (Male) |
| 5:08 | Create | Villager (Male) |
| 5:08 | Create | Villager (Male) |
| 5:09 | Create | Villager (Male) |
| 5:09 | Create | Villager (Male) |
| 6:07 | Create | Villager (Male) |
| 6:25 | Build | Mill |
| 6:43 | Create | Villager (Male) |
| 7:01 | Create | Villager (Male) |
| 7:04 | Build | Mill |
| 7:35 | Research | Feudal Age |
| 8:04 | Build | Mining Camp |
| 8:08 | Create | Villager (Male) |
| 9:48 | Age | Feudal Age |
| 9:51 | Research | Double-Bit Axe |
| 10:01 | Build | Blacksmith |
| 10:10 | Create | Villager (Male) |
| 10:43 | Create | Villager (Male) |
| 10:48 | Build | Market |
| 11:02 | Create | Villager (Male) |
| 11:07 | Build | Farm |
| 11:38 | Create | Villager (Male) |
| 11:41 | Build | Farm |
| 11:47 | Build | Farm |
| 11:54 | Build | House |
| 12:03 | Create | Villager (Male) |
| 12:09 | Build | Farm |
| 12:18 | Build | House |
| 12:30 | Create | Villager (Male) |
| 12:35 | Build | Farm |
| 12:57 | Research | Loom |
| 13:10 | Build | Lumber Camp |
| 13:19 | Research | Castle Age |
| 13:38 | Build | Farm |
| 14:03 | Build | Farm |
| 14:11 | Research | Horse Collar |
| 14:16 | Build | Farm |
| 14:26 | Research | Gold Mining |
| 14:36 | Build | Farm |
| 14:44 | Build | Farm |
| 14:48 | Create | Villager (Male) |
| 15:55 | Research | Wheelbarrow |
| 15:56 | Create | Villager (Male) |
| 16:02 | Age | Castle Age |
| 16:10 | Build | Town Center |
| 16:21 | Build | Town Center |
| 16:29 | Create | Villager (Male) |
| 16:56 | Research | Bow Saw |
| 17:34 | Create | Villager (Male) |
| 17:39 | Build | Farm |
| 17:40 | Build | Farm |
| 17:46 | Build | Farm |
| 17:51 | Create | Villager (Male) |
| 17:52 | Create | Villager (Male) |
| 17:54 | Create | Villager (Male) |
| 17:58 | Create | Villager (Male) |
| 18:22 | Create | Villager (Male) |
| 18:23 | Create | Villager (Male) |
| 18:27 | Build | Farm |
| 18:27 | Build | Farm |
| 18:28 | Build | Farm |
| 18:28 | Build | Farm |
| 18:31 | Build | Farm |
| 18:36 | Create | Villager (Male) |
| 18:44 | Build | Farm |
| 18:48 | Build | Farm |
| 18:56 | Create | Villager (Male) |
| 18:57 | Create | Villager (Male) |
| 19:08 | Build | Farm |
| 19:10 | Create | Villager (Male) |
| 19:17 | Build | Farm |
| 19:17 | Build | Farm |
| 19:26 | Build | Farm |
| 19:33 | Create | Villager (Male) |
| 19:34 | Create | Villager (Male) |
| 19:35 | Create | Villager (Male) |
| 19:52 | Build | House |
| 19:53 | Build | House |
| 19:54 | Build | House |
| 19:54 | Build | House |
| 19:54 | Build | House |
| 19:55 | Build | House |
| 19:55 | Build | House |
| 19:57 | Create | Villager (Male) |
| 19:58 | Create | Villager (Male) |
| 19:59 | Create | Villager (Male) |
| 20:08 | Research | Heavy Plow |
| 20:08 | Research | Heavy Plow |
| 20:13 | Build | Farm |
| 20:13 | Build | Farm |
| 20:13 | Build | Farm |
| 20:14 | Build | Farm |
| 20:20 | Create | Villager (Male) |
| 20:25 | Build | Farm |
| 20:30 | Create | Villager (Male) |
| 20:31 | Create | Villager (Male) |
| 20:33 | Create | Villager (Male) |
| 20:51 | Create | Villager (Male) |
| 20:52 | Create | Villager (Male) |
| 20:53 | Create | Villager (Male) |
| 21:12 | Build | Monastery |
| 21:18 | Create | Villager (Male) |
| 21:20 | Create | Villager (Male) |
| 21:22 | Create | Villager (Male) |
| 21:28 | Build | Farm |
| 21:28 | Build | Farm |
| 21:29 | Build | Farm |
| 21:33 | Build | Farm |
| 21:36 | Create | Villager (Male) |
| 21:37 | Create | Villager (Male) |
| 21:38 | Create | Villager (Male) |
| 21:50 | Create | Monk |
| 21:58 | Research | Hand Cart |
| 22:00 | Create | Villager (Male) |
| 22:01 | Create | Villager (Male) |
| 22:04 | Build | House |
| 22:04 | Build | House |
| 22:06 | Build | House |
| 22:06 | Build | House |
| 22:07 | Build | House |
| 22:08 | Build | House |
| 22:08 | Build | House |
| 22:09 | Build | House |
| 22:23 | Create | Villager (Male) |
| 22:24 | Create | Villager (Male) |
| 22:26 | Build | Farm |
| 22:28 | Build | Farm |
| 22:47 | Create | Monk |
| 22:57 | Build | Barracks |
| 23:01 | Create | Villager (Male) |
| 23:02 | Create | Villager (Male) |
| 23:03 | Create | Villager (Male) |
Build order — lukg
First 150 of 488 actions detected
| 0:01 | Create | Villager (Male) |
| 0:03 | Build | House |
| 0:06 | Build | House |
| 0:30 | Create | Villager (Male) |
| 0:30 | Create | Villager (Male) |
| 0:30 | Create | Villager (Male) |
| 0:30 | Create | Villager (Male) |
| 0:30 | Create | Villager (Male) |
| 0:30 | Create | Villager (Male) |
| 0:30 | Create | Villager (Male) |
| 0:30 | Create | Villager (Male) |
| 0:30 | Create | Villager (Male) |
| 0:30 | Create | Villager (Male) |
| 0:30 | Create | Villager (Male) |
| 0:30 | Create | Villager (Male) |
| 0:30 | Create | Villager (Male) |
| 0:30 | Create | Villager (Male) |
| 0:30 | Create | Villager (Male) |
| 0:30 | Create | Villager (Male) |
| 0:30 | Create | Villager (Male) |
| 0:30 | Create | Villager (Male) |
| 0:30 | Create | Villager (Male) |
| 0:30 | Create | Villager (Male) |
| 0:30 | Create | Villager (Male) |
| 0:30 | Create | Villager (Male) |
| 0:30 | Create | Villager (Male) |
| 0:30 | Create | Villager (Male) |
| 0:30 | Create | Villager (Male) |
| 0:30 | Create | Villager (Male) |
| 0:30 | Create | Villager (Male) |
| 0:30 | Create | Villager (Male) |
| 0:30 | Create | Villager (Male) |
| 0:30 | Create | Villager (Male) |
| 0:30 | Create | Villager (Male) |
| 0:30 | Create | Villager (Male) |
| 0:30 | Create | Villager (Male) |
| 1:14 | Create | Villager (Male) |
| 1:14 | Create | Villager (Male) |
| 1:14 | Create | Villager (Male) |
| 1:14 | Create | Villager (Male) |
| 1:14 | Create | Villager (Male) |
| 1:14 | Create | Villager (Male) |
| 1:14 | Create | Villager (Male) |
| 1:14 | Create | Villager (Male) |
| 1:14 | Create | Villager (Male) |
| 1:14 | Create | Villager (Male) |
| 1:14 | Create | Villager (Male) |
| 1:14 | Create | Villager (Male) |
| 1:14 | Create | Villager (Male) |
| 1:15 | Create | Villager (Male) |
| 1:15 | Create | Villager (Male) |
| 1:15 | Create | Villager (Male) |
| 1:15 | Create | Villager (Male) |
| 1:15 | Create | Villager (Male) |
| 1:15 | Create | Villager (Male) |
| 1:15 | Create | Villager (Male) |
| 1:15 | Create | Villager (Male) |
| 1:15 | Create | Villager (Male) |
| 1:15 | Create | Villager (Male) |
| 1:15 | Create | Villager (Male) |
| 1:15 | Create | Villager (Male) |
| 1:15 | Create | Villager (Male) |
| 1:15 | Create | Villager (Male) |
| 1:15 | Create | Villager (Male) |
| 1:15 | Create | Villager (Male) |
| 1:15 | Create | Villager (Male) |
| 1:15 | Create | Villager (Male) |
| 1:15 | Create | Villager (Male) |
| 1:15 | Create | Villager (Male) |
| 1:37 | Create | Villager (Male) |
| 2:06 | Build | Lumber Camp |
| 2:10 | Create | Villager (Male) |
| 2:39 | Create | Villager (Male) |
| 3:08 | Build | House |
| 3:09 | Build | House |
| 3:14 | Create | Villager (Male) |
| 3:15 | Create | Villager (Male) |
| 4:11 | Create | Villager (Male) |
| 4:12 | Create | Villager (Male) |
| 4:21 | Build | Mill |
| 4:44 | Create | Villager (Male) |
| 4:44 | Create | Villager (Male) |
| 4:44 | Create | Villager (Male) |
| 4:44 | Create | Villager (Male) |
| 4:44 | Create | Villager (Male) |
| 4:44 | Create | Villager (Male) |
| 4:44 | Create | Villager (Male) |
| 4:44 | Create | Villager (Male) |
| 4:44 | Create | Villager (Male) |
| 4:44 | Create | Villager (Male) |
| 4:44 | Create | Villager (Male) |
| 4:44 | Create | Villager (Male) |
| 4:44 | Create | Villager (Male) |
| 4:44 | Create | Villager (Male) |
| 4:44 | Create | Villager (Male) |
| 4:44 | Create | Villager (Male) |
| 4:44 | Create | Villager (Male) |
| 4:44 | Create | Villager (Male) |
| 4:44 | Create | Villager (Male) |
| 4:44 | Create | Villager (Male) |
| 4:44 | Create | Villager (Male) |
| 4:44 | Create | Villager (Male) |
| 4:44 | Create | Villager (Male) |
| 4:44 | Create | Villager (Male) |
| 4:44 | Create | Villager (Male) |
| 4:44 | Create | Villager (Male) |
| 4:44 | Create | Villager (Male) |
| 4:44 | Create | Villager (Male) |
| 4:44 | Create | Villager (Male) |
| 4:44 | Create | Villager (Male) |
| 4:44 | Create | Villager (Male) |
| 4:44 | Create | Villager (Male) |
| 4:44 | Create | Villager (Male) |
| 5:05 | Create | Villager (Male) |
| 5:05 | Create | Villager (Male) |
| 5:05 | Create | Villager (Male) |
| 5:06 | Create | Villager (Male) |
| 6:10 | Create | Villager (Male) |
| 6:10 | Create | Villager (Male) |
| 6:55 | Create | Villager (Male) |
| 7:21 | Build | Mining Camp |
| 7:28 | Create | Villager (Male) |
| 8:04 | Create | Villager (Male) |
| 8:08 | Research | Feudal Age |
| 8:34 | Build | Farm |
| 8:35 | Build | Farm |
| 8:35 | Build | Farm |
| 9:14 | Build | House |
| 9:19 | Create | Villager (Male) |
| 9:22 | Create | Villager (Male) |
| 10:18 | Age | Feudal Age |
| 10:25 | Build | Blacksmith |
| 10:30 | Build | Market |
| 11:12 | Create | Villager (Male) |
| 11:34 | Build | Mining Camp |
| 11:44 | Build | Farm |
| 11:45 | Create | Villager (Male) |
| 12:16 | Research | Castle Age |
| 13:01 | Research | Double-Bit Axe |
| 13:08 | Research | Horse Collar |
| 13:25 | Build | House |
| 13:33 | Build | Outpost |
| 13:34 | Build | Outpost |
| 13:38 | Build | Outpost |
| 13:48 | Create | Villager (Male) |
| 13:53 | Research | Wheelbarrow |
| 14:56 | Build | Lumber Camp |
| 14:56 | Age | Castle Age |
| 15:01 | Create | Villager (Male) |
| 15:12 | Research | Stone Mining |
Build order — Bry.D
First 150 of 240 actions detected
| 0:01 | Create | Villager (Male) |
| 0:02 | Build | House |
| 0:03 | Build | House |
| 0:16 | Create | Villager (Male) |
| 0:27 | Create | Villager (Male) |
| 0:40 | Create | Villager (Male) |
| 1:29 | Create | Villager (Male) |
| 1:51 | Build | Lumber Camp |
| 2:05 | Create | Villager (Male) |
| 2:22 | Create | Villager (Male) |
| 2:22 | Create | Villager (Male) |
| 2:43 | Create | Villager (Male) |
| 3:04 | Create | Villager (Male) |
| 3:27 | Build | House |
| 3:32 | Create | Villager (Male) |
| 3:53 | Build | Mining Camp |
| 4:09 | Build | Mining Camp |
| 4:11 | Create | Villager (Male) |
| 4:31 | Create | Villager (Male) |
| 4:46 | Create | Villager (Male) |
| 4:59 | Build | House |
| 5:14 | Create | Villager (Male) |
| 5:28 | Build | House |
| 5:45 | Create | Villager (Male) |
| 6:11 | Create | Villager (Male) |
| 6:41 | Create | Villager (Male) |
| 6:45 | Create | Villager (Male) |
| 6:53 | Create | Villager (Male) |
| 7:06 | Create | Villager (Male) |
| 7:25 | Create | Villager (Male) |
| 7:47 | Create | Villager (Male) |
| 7:53 | Build | Mill |
| 8:16 | Research | Loom |
| 8:32 | Build | Mill |
| 8:52 | Create | Villager (Male) |
| 8:54 | Research | Feudal Age |
| 8:55 | Research | Feudal Age |
| 9:00 | Build | Mining Camp |
| 9:20 | Build | Farm |
| 9:23 | Build | Farm |
| 9:25 | Build | Farm |
| 9:29 | Build | Farm |
| 9:56 | Build | Farm |
| 9:58 | Create | Villager (Male) |
| 10:10 | Create | Villager (Male) |
| 11:04 | Age | Feudal Age |
| 11:08 | Build | House |
| 11:45 | Research | Wheelbarrow |
| 11:51 | Research | Stone Mining |
| 11:52 | Create | Villager (Male) |
| 11:52 | Create | Villager (Male) |
| 11:56 | Create | Villager (Male) |
| 11:57 | Create | Villager (Male) |
| 12:10 | Build | Watch Tower |
| 12:12 | Create | Villager (Male) |
| 12:18 | Build | Watch Tower |
| 12:19 | Create | Villager (Male) |
| 12:49 | Build | Watch Tower |
| 13:00 | Build | Farm |
| 13:02 | Build | Farm |
| 13:04 | Create | Villager (Male) |
| 13:09 | Build | House |
| 13:39 | Create | Villager (Male) |
| 14:05 | Create | Villager (Male) |
| 14:35 | Build | Blacksmith |
| 14:41 | Build | Market |
| 14:44 | Create | Villager (Male) |
| 15:00 | Build | Farm |
| 15:17 | Build | Farm |
| 15:33 | Research | Fletching |
| 15:34 | Research | Fletching |
| 16:13 | Research | Castle Age |
| 16:14 | Research | Castle Age |
| 16:34 | Create | Villager (Male) |
| 16:57 | Research | Double-Bit Axe |
| 17:00 | Build | Lumber Camp |
| 17:15 | Build | Mining Camp |
| 17:17 | Create | Villager (Male) |
| 17:33 | Build | Mill |
| 17:38 | Build | Mill |
| 17:59 | Create | Villager (Male) |
| 18:23 | Create | Villager (Male) |
| 18:43 | Build | Farm |
| 18:53 | Age | Castle Age |
| 19:06 | Build | Watch Tower |
| 19:14 | Create | Villager (Male) |
| 19:16 | Research | Bodkin Arrow |
| 19:16 | Research | Bodkin Arrow |
| 19:52 | Research | Town Watch |
| 19:53 | Build | House |
| 20:07 | Create | Villager (Male) |
| 20:12 | Build | Castle |
| 20:28 | Research | Town Patrol |
| 20:30 | Create | Villager (Male) |
| 20:36 | Research | Double-Bit Axe |
| 20:54 | Create | Villager (Male) |
| 21:20 | Build | House |
| 21:21 | Build | House |
| 21:22 | Build | House |
| 21:22 | Build | House |
| 21:28 | Build | Farm |
| 21:49 | Create | Villager (Male) |
| 21:59 | Research | Bow Saw |
| 21:59 | Research | Bow Saw |
| 22:00 | Create | Villager (Male) |
| 22:32 | Build | Stone Wall |
| 22:34 | Build | Stone Wall |
| 22:37 | Create | Villager (Male) |
| 22:58 | Build | Farm |
| 23:20 | Build | Gate |
| 23:29 | Build | Gate |
| 23:30 | Create | Villager (Male) |
| 23:31 | Build | Farm |
| 23:33 | Create | Villager (Male) |
| 23:47 | Research | Stone Shaft Mining |
| 23:48 | Create | Villager (Male) |
| 24:18 | Create | Villager (Male) |
| 24:53 | Build | Farm |
| 24:56 | Research | Hand Cart |
| 25:00 | Create | Villager (Male) |
| 25:07 | Research | Horse Collar |
| 25:07 | Research | Horse Collar |
| 25:12 | Build | Farm |
| 25:33 | Create | Villager (Male) |
| 26:27 | Research | Eupseong |
| 26:27 | Create | Villager (Male) |
| 26:38 | Build | Farm |
| 26:41 | Create | Villager (Male) |
| 26:43 | Build | Farm |
| 26:43 | Build | Farm |
| 26:43 | Build | Farm |
| 27:13 | Create | Villager (Male) |
| 27:24 | Build | Farm |
| 27:32 | Research | Heavy Plow |
| 27:50 | Create | Villager (Male) |
| 28:08 | Create | Villager (Male) |
| 28:18 | Build | Farm |
| 28:34 | Create | Villager (Male) |
| 28:48 | Build | Farm |
| 29:07 | Research | Imperial Age |
| 29:07 | Research | Imperial Age |
| 29:07 | Research | Imperial Age |
| 29:18 | Build | Farm |
| 29:33 | Build | Lumber Camp |
| 29:57 | Build | Mining Camp |
| 30:19 | Create | Villager (Male) |
| 30:31 | Build | Lumber Camp |
| 31:29 | Build | Lumber Camp |
| 31:40 | Create | Villager (Male) |
| 31:47 | Build | University |
Build order — ALG1S
First 150 of 415 actions detected
| 0:01 | Create | Villager (Male) |
| 0:02 | Build | House |
| 0:03 | Build | House |
| 0:04 | Create | Villager (Male) |
| 0:04 | Create | Villager (Male) |
| 0:05 | Create | Villager (Male) |
| 1:31 | Create | Villager (Male) |
| 1:31 | Create | Villager (Male) |
| 1:47 | Build | Lumber Camp |
| 2:04 | Create | Villager (Male) |
| 2:04 | Create | Villager (Male) |
| 2:30 | Create | Villager (Male) |
| 2:31 | Create | Villager (Male) |
| 2:46 | Create | Villager (Male) |
| 3:09 | Create | Villager (Male) |
| 3:09 | Create | Villager (Male) |
| 3:41 | Create | Villager (Male) |
| 3:59 | Build | House |
| 4:02 | Build | House |
| 4:06 | Create | Villager (Male) |
| 4:37 | Create | Villager (Male) |
| 4:37 | Create | Villager (Male) |
| 4:53 | Build | House |
| 5:03 | Build | Mill |
| 5:06 | Create | Villager (Male) |
| 5:16 | Create | Villager (Male) |
| 5:16 | Create | Villager (Male) |
| 5:59 | Create | Villager (Male) |
| 5:59 | Create | Villager (Male) |
| 5:59 | Create | Villager (Male) |
| 6:00 | Create | Villager (Male) |
| 6:49 | Build | Mill |
| 6:56 | Create | Villager (Male) |
| 6:56 | Create | Villager (Male) |
| 6:58 | Build | Farm |
| 7:18 | Build | Farm |
| 7:28 | Create | Villager (Male) |
| 7:28 | Create | Villager (Male) |
| 8:32 | Build | Farm |
| 8:44 | Create | Villager (Male) |
| 8:54 | Build | Mining Camp |
| 9:13 | Create | Villager (Male) |
| 9:22 | Build | Farm |
| 9:34 | Research | Feudal Age |
| 9:53 | Build | Farm |
| 11:29 | Create | Villager (Male) |
| 11:29 | Create | Villager (Male) |
| 11:54 | Age | Feudal Age |
| 11:58 | Build | Market |
| 12:00 | Build | Blacksmith |
| 12:17 | Research | Double-Bit Axe |
| 12:38 | Create | Villager (Male) |
| 12:51 | Research | Castle Age |
| 15:04 | Create | Villager (Male) |
| 15:04 | Create | Villager (Male) |
| 15:07 | Research | Wheelbarrow |
| 15:41 | Build | House |
| 15:44 | Build | House |
| 15:49 | Age | Castle Age |
| 15:54 | Build | Town Center |
| 15:59 | Research | Bow Saw |
| 16:31 | Build | Town Center |
| 16:38 | Build | Town Center |
| 16:43 | Create | Villager (Male) |
| 16:43 | Create | Villager (Male) |
| 16:49 | Build | Farm |
| 16:51 | Build | Farm |
| 16:52 | Build | Farm |
| 16:56 | Build | Farm |
| 17:11 | Build | Farm |
| 17:15 | Create | Villager (Male) |
| 17:15 | Create | Villager (Male) |
| 17:30 | Build | Farm |
| 17:41 | Build | Farm |
| 17:43 | Build | Farm |
| 17:45 | Build | Farm |
| 17:49 | Build | Farm |
| 17:54 | Create | Villager (Male) |
| 17:55 | Create | Villager (Male) |
| 18:04 | Create | Villager (Male) |
| 18:05 | Create | Villager (Male) |
| 18:05 | Create | Villager (Male) |
| 18:14 | Create | Villager (Male) |
| 18:25 | Create | Villager (Male) |
| 18:25 | Create | Villager (Male) |
| 18:26 | Create | Villager (Male) |
| 18:26 | Create | Villager (Male) |
| 18:30 | Build | Farm |
| 18:30 | Build | Farm |
| 18:31 | Build | Farm |
| 18:32 | Build | Farm |
| 18:34 | Build | Farm |
| 18:38 | Build | Farm |
| 18:41 | Create | Villager (Male) |
| 18:44 | Build | Farm |
| 18:54 | Build | Farm |
| 18:57 | Build | Farm |
| 19:00 | Build | Farm |
| 19:04 | Create | Villager (Male) |
| 19:04 | Create | Villager (Male) |
| 19:19 | Create | Villager (Male) |
| 19:20 | Create | Villager (Male) |
| 19:23 | Build | Farm |
| 19:26 | Build | Farm |
| 19:31 | Build | Farm |
| 19:33 | Create | Villager (Male) |
| 19:33 | Create | Villager (Male) |
| 19:33 | Create | Villager (Male) |
| 19:37 | Create | Villager (Male) |
| 19:43 | Build | Farm |
| 19:46 | Build | Farm |
| 19:54 | Create | Villager (Male) |
| 19:54 | Create | Villager (Male) |
| 19:54 | Create | Villager (Male) |
| 19:55 | Create | Villager (Male) |
| 20:15 | Build | House |
| 20:24 | Create | Villager (Male) |
| 20:24 | Create | Villager (Male) |
| 20:24 | Create | Villager (Male) |
| 20:35 | Build | House |
| 20:42 | Research | Loom |
| 20:42 | Research | Hand Cart |
| 20:44 | Research | Town Watch |
| 20:45 | Create | Villager (Male) |
| 20:45 | Create | Villager (Male) |
| 20:50 | Build | House |
| 20:51 | Build | House |
| 20:52 | Build | House |
| 20:53 | Build | House |
| 20:54 | Create | Villager (Male) |
| 20:55 | Create | Villager (Male) |
| 21:01 | Research | Gold Mining |
| 21:10 | Build | Farm |
| 21:15 | Build | House |
| 21:16 | Build | House |
| 21:17 | Build | House |
| 21:18 | Create | Villager (Male) |
| 21:18 | Create | Villager (Male) |
| 21:19 | Create | Villager (Male) |
| 21:19 | Create | Villager (Male) |
| 21:32 | Create | Villager (Male) |
| 21:32 | Create | Villager (Male) |
| 21:32 | Create | Villager (Male) |
| 21:56 | Create | Villager (Male) |
| 21:57 | Create | Villager (Male) |
| 21:57 | Create | Villager (Male) |
| 21:57 | Create | Villager (Male) |
| 22:04 | Create | Villager (Male) |
| 22:05 | Create | Villager (Male) |
| 22:13 | Build | Farm |
Build order — Krimzon
First 150 of 466 actions detected
| 0:02 | Create | Villager (Male) |
| 0:02 | Create | Villager (Male) |
| 0:02 | Create | Villager (Male) |
| 0:04 | Build | House |
| 0:05 | Build | House |
| 0:07 | Create | Villager (Male) |
| 1:25 | Create | Villager (Male) |
| 1:25 | Create | Villager (Male) |
| 1:55 | Build | Lumber Camp |
| 1:57 | Create | Villager (Male) |
| 2:15 | Create | Villager (Male) |
| 2:15 | Create | Villager (Male) |
| 2:50 | Create | Villager (Male) |
| 2:50 | Create | Villager (Male) |
| 3:11 | Create | Villager (Male) |
| 3:11 | Create | Villager (Male) |
| 3:30 | Create | Villager (Male) |
| 3:37 | Build | House |
| 3:51 | Create | Villager (Male) |
| 3:51 | Create | Villager (Male) |
| 4:41 | Create | Villager (Male) |
| 4:41 | Create | Villager (Male) |
| 4:47 | Create | Villager (Male) |
| 4:48 | Create | Villager (Male) |
| 5:11 | Build | Mill |
| 5:14 | Build | Mill |
| 5:29 | Create | Villager (Male) |
| 5:29 | Create | Villager (Male) |
| 5:30 | Create | Villager (Male) |
| 5:30 | Create | Villager (Male) |
| 5:30 | Create | Villager (Male) |
| 5:58 | Build | House |
| 5:58 | Create | Villager (Male) |
| 6:11 | Build | Farm |
| 6:51 | Build | Farm |
| 6:57 | Create | Villager (Male) |
| 7:58 | Build | Mining Camp |
| 8:10 | Research | Feudal Age |
| 9:12 | Create | Villager (Male) |
| 9:13 | Create | Villager (Male) |
| 9:17 | Build | House |
| 10:36 | Age | Feudal Age |
| 10:39 | Build | Market |
| 10:48 | Build | Blacksmith |
| 11:34 | Research | Castle Age |
| 12:03 | Build | Farm |
| 12:17 | Build | Farm |
| 13:21 | Create | Villager (Male) |
| 13:34 | Research | Loom |
| 13:44 | Build | House |
| 13:59 | Build | Farm |
| 14:02 | Build | Farm |
| 14:07 | Build | Farm |
| 14:12 | Build | Farm |
| 14:14 | Create | Villager (Male) |
| 14:14 | Age | Castle Age |
| 14:21 | Create | Villager (Male) |
| 15:03 | Build | Castle |
| 15:13 | Create | Villager (Male) |
| 15:43 | Build | Castle |
| 16:14 | Build | Palisade Wall |
| 16:19 | Build | Palisade Gate |
| 16:27 | Build | Palisade Gate |
| 16:31 | Build | Palisade Gate |
| 16:34 | Build | Palisade Gate |
| 16:41 | Build | Palisade Wall |
| 16:53 | Build | Mining Camp |
| 17:04 | Build | Mill |
| 17:08 | Create | Villager (Male) |
| 17:09 | Create | Villager (Male) |
| 17:11 | Build | Farm |
| 17:24 | Create | Conquistador |
| 17:24 | Create | Conquistador |
| 17:53 | Create | Conquistador |
| 17:53 | Create | Conquistador |
| 17:55 | Create | Villager (Male) |
| 17:55 | Create | Villager (Male) |
| 17:55 | Create | Villager (Male) |
| 17:55 | Create | Villager (Male) |
| 17:56 | Create | Villager (Male) |
| 17:58 | Build | Farm |
| 18:01 | Build | Farm |
| 18:02 | Create | Villager (Male) |
| 18:17 | Create | Conquistador |
| 18:17 | Create | Conquistador |
| 18:24 | Create | Villager (Male) |
| 18:27 | Build | Farm |
| 19:02 | Build | Mining Camp |
| 19:08 | Build | Mining Camp |
| 19:15 | Create | Villager (Male) |
| 19:19 | Build | House |
| 19:29 | Create | Conquistador |
| 19:30 | Create | Conquistador |
| 19:37 | Create | Villager (Male) |
| 19:56 | Create | Villager (Male) |
| 19:58 | Build | Farm |
| 20:02 | Create | Petard |
| 20:25 | Create | Petard |
| 20:27 | Create | Villager (Male) |
| 20:30 | Build | Farm |
| 20:32 | Build | Farm |
| 20:33 | Create | Villager (Male) |
| 20:48 | Build | Farm |
| 20:54 | Create | Villager (Male) |
| 21:26 | Create | Conquistador ×2 |
| 21:26 | Create | Conquistador ×2 |
| 21:46 | Create | Villager (Male) |
| 22:05 | Create | Conquistador |
| 22:05 | Create | Conquistador |
| 22:09 | Create | Villager (Male) |
| 22:12 | Build | Farm |
| 22:52 | Create | Villager (Male) |
| 22:53 | Create | Villager (Male) |
| 22:54 | Create | Villager (Male) |
| 22:57 | Create | Conquistador ×2 |
| 22:57 | Create | Conquistador ×2 |
| 23:32 | Create | Villager (Male) |
| 23:33 | Create | Villager (Male) |
| 23:35 | Build | Farm |
| 23:35 | Create | Villager (Male) |
| 24:02 | Create | Villager (Male) |
| 24:08 | Build | Farm |
| 24:35 | Create | Villager (Male) |
| 24:35 | Create | Villager (Male) |
| 24:44 | Build | Town Center |
| 24:47 | Create | Conquistador |
| 24:47 | Create | Conquistador |
| 24:47 | Create | Conquistador |
| 24:59 | Create | Villager (Male) |
| 25:04 | Create | Conquistador |
| 25:04 | Create | Conquistador |
| 25:20 | Create | Villager (Male) |
| 25:23 | Build | Lumber Camp |
| 25:35 | Create | Villager (Male) |
| 25:38 | Build | House |
| 26:15 | Create | Villager (Male) |
| 26:15 | Create | Villager (Male) |
| 26:17 | Build | Farm |
| 26:17 | Build | Farm |
| 26:17 | Build | Farm |
| 26:17 | Build | Farm |
| 26:17 | Build | Farm |
| 26:18 | Build | Farm |
| 26:22 | Create | Villager (Male) |
| 26:47 | Build | Farm |
| 26:48 | Build | Farm |
| 26:49 | Create | Villager (Male) |
| 26:50 | Build | Farm |
| 26:51 | Create | Villager (Male) |
| 26:52 | Create | Villager (Male) |
Match timeline
| 9:48 | Dunic · age_up feudal |
| 10:18 | lukg · age_up feudal |
| 10:36 | Krimzon · age_up feudal |
| 11:04 | Bry.D · age_up feudal |
| 11:15 | Krimzon · first_market_sell 100 stone |
| 11:38 | kswistek · age_up feudal |
| 11:54 | ALG1S · age_up feudal |
| 12:47 | ALG1S · first_market_sell 100 stone |
| 14:14 | Krimzon · age_up castle |
| 14:56 | lukg · age_up castle |
| 15:03 | Krimzon · first_building Castle |
| 15:47 | Bry.D · first_market_sell 100 wood |
| 15:49 | ALG1S · age_up castle |
| 16:02 | Dunic · age_up castle |
| 16:14 | lukg · first_market_sell 100 wood |
| 16:14 | Krimzon · wall_segment Palisade Wall x1 |
| 16:16 | lukg · first_market_buy 100 stone |
| 16:18 | kswistek · age_up castle |
| 16:40 | lukg · wall_segment Stone Wall x20 |
| 16:41 | Krimzon · wall_segment Palisade Wall x1 |
| 16:45 | kswistek · first_market_buy 100 stone |
| 17:11 | kswistek · wall_segment Stone Wall x6 |
| 17:29 | kswistek · wall_segment Stone Wall x1 |
| 17:35 | lukg · first_building Castle |
| 18:00 | kswistek · wall_segment Stone Wall x10 |
| 18:21 | kswistek · first_building Siege Workshop |
| 18:49 | kswistek · wall_segment Stone Wall x1 |
| 18:53 | Bry.D · age_up castle |
| 19:20 | lukg · first_building Siege Workshop |
| 20:12 | Bry.D · first_building Castle |
| 21:12 | Dunic · first_building Monastery |
| 22:16 | kswistek · wall_segment Stone Wall x3 |
| 22:28 | kswistek · wall_segment Stone Wall x3 |
| 22:32 | Bry.D · wall_segment Stone Wall x12 |
| 22:34 | Bry.D · wall_segment Stone Wall x12 |
| 22:57 | Dunic · first_building Barracks |
| 23:27 | ALG1S · first_building Barracks |
| 23:41 | kswistek · first_building Barracks |
| 24:00 | Dunic · first_building Stable |
| 24:04 | Dunic · first_building Archery Range |
| 24:26 | kswistek · first_building Castle |
| 24:37 | kswistek · wall_segment Stone Wall x3 |
| 24:42 | Krimzon · first_market_buy 100 stone |
| 24:55 | ALG1S · first_building Castle |
| 25:24 | ALG1S · first_building Archery Range |
| 25:39 | kswistek · wall_segment Stone Wall x9 |
| 26:25 | ALG1S · first_market_buy 100 stone |
| 27:32 | Dunic · first_market_sell 100 food |
| 28:21 | Dunic · age_up imperial |
| 28:36 | Bry.D · first_market_buy 100 food |
| 28:37 | Dunic · first_building Castle |
| 28:53 | ALG1S · first_building Stable |
| 29:47 | kswistek · first_market_sell 100 wood |
| 29:49 | lukg · wall_segment Stone Wall x12 |
| 29:51 | lukg · wall_segment Stone Wall x1 |
| 29:56 | lukg · wall_segment Stone Wall x16 |
| 29:58 | lukg · wall_segment Stone Wall x2 |
| 31:22 | lukg · wall_segment Stone Wall x1 |
| 31:24 | ALG1S · age_up imperial |
| 31:37 | kswistek · first_building Archery Range |
| 31:59 | lukg · age_up imperial |
| 32:03 | Bry.D · first_building Siege Workshop |
| 32:17 | Bry.D · age_up imperial |
| 32:24 | Krimzon · wall_segment Palisade Wall x1 |
| 33:10 | ALG1S · first_building Monastery |
| 33:11 | lukg · first_building Barracks |
| 33:34 | kswistek · age_up imperial |
| 34:55 | lukg · first_building Archery Range |
| 35:08 | Krimzon · wall_segment Palisade Wall x1 |
| 38:59 | Krimzon · first_building Barracks |
| 39:54 | Krimzon · first_building Stable |
| 40:04 | kswistek · tribute_sent a jugador 1 |
| 40:04 | kswistek · tribute_sent a jugador 2 |
| 40:04 | kswistek · tribute_sent a jugador 3 |
| 40:04 | kswistek · tribute_sent a jugador 4 |
| 40:04 | kswistek · tribute_sent a jugador 5 |
| 40:33 | Krimzon · wall_segment Palisade Wall x1 |
| 41:28 | Krimzon · age_up imperial |
| 46:15 | lukg · first_building Stable |
| 47:45 | ALG1S · resign |
[ AI ANALYSIS · 1 CREDIT ]
What really happened in this match?
Wolo.gg analyzes every decision: build order, eco, micro, common mistakes by bracket. Personalized analysis on WhatsApp or Discord in 30 seconds.
Civ guide
Bohemians
Map guide
Arena
Perfil
kswistek